 Dungeon Sprint DCSS version 0.28-a0-1387-g3a22ab9bdc (webtiles) character file.

Game seed: 14891729127830109366

61769 mhtbhm the Slayer (level 14, -21/247 HPs)
             Began as a Green Draconian Berserker on Jan 2, 2022.
             Was the Champion of Trog.
             Demolished by Jory (28 damage)
             ... in the Dungeon (Sprint IX: "|||||||||||||||||||||||||||||").
             The game lasted 00:10:41 (6824 turns).

mhtbhm the Slayer (Green Draconian Berserker)       Turns: 6824, Time: 00:10:42

Health: -21/247    AC: 14    Str: 25    XL:     14   Next: 61%
Magic:  14/14      EV: 20    Int:  8    God:    Trog [******]
Gold:   1067       SH:  0    Dex: 13    Spells: 13/13 levels left

rFire   . . .      SeeInvis .   a - +6 dire flail (vorpal)
rCold   . . .      Faith    .   (shield currently unavailable)
rNeg    . . .      Spirit   .   (armour unavailable)
rPois   +          Reflect  .   (helmet restricted)
rElec   .          Harm     .   v - +0 cloak
rCorr   .          Rampage  .   j - +0 pair of gloves
Will    +....      NoTele   +   E - +1 pair of boots
Stlth   ..........              (no amulet)
HPRegen 0.51/turn               l - +3 ring of dexterity
MPRegen 0.14/turn               m - +2 ring of protection

@: berserking (expiring), very quick
A: breathe noxious fumes, AC +8, unfitting armour, stinger 1, poison resistance,
cold-blooded
a: Breathe Noxious Fumes, Renounce Religion, Berserk, Trog's Hand, Brothers in
Arms


You were in the Dungeon.
You worshipped Trog.
Trog was exalted by your worship.
You visited 1 branch You collected 1922 gold pieces.
You spent 855 gold pieces at shops.

Inventory:

Hand Weapons
 a - a +6 vorpal dire flail (weapon)
 g - a +2 vorpal eveningstar
 s - a +8 antimagic dire flail
 y - the +9 heavy crossbow "Sniper" {vorpal, Acc+∞ SInv}
   (You bought it in a shop in the Dungeon)

   Any ammunition fired from it inflicts extra damage upon your enemies.
   Any ammunition fired from it never misses its target.
   SInv:      It lets you see invisible.
 D - a +2 great mace of holy wrath
 H - the +7 great mace "Undeadhunter" {disrupt, rN+}
   (Trog gifted it to you in the Dungeon)

   It inflicts significantly more damage against the undead.
   rN:        It protects you from negative energy.
Missiles
 t - 3 atropa-tipped darts (quivered)
 u - 18 poisoned darts
 w - 5 throwing nets
 x - 93 bolts
Armour
 j - a +0 pair of gloves (worn)
 k - a +1 tower shield
 v - a +0 cloak (worn)
 E - a +1 pair of boots (worn)
Jewellery
 l - a +3 ring of dexterity (left hand)
 m - a +2 ring of protection (right hand)
 z - a ring of willpower
 A - a ring of protection from fire
 B - a ring of see invisible
 C - a ring of fire
Wands
 i - a wand of iceblast (7)
 G - a wand of acid (6)
Scrolls
 o - 6 scrolls of enchant armour
 p - a scroll of identify
 q - 4 scrolls of fear
 r - a scroll of fog
Potions
 b - 7 potions of curing
 c - 6 potions of heal wounds
 d - a potion of haste
 e - 4 potions of magic
 f - a potion of berserk rage
 h - a potion of invisibility
 n - a potion of resistance
 F - a potion of mutation


   Skills:
 + Level 26.1 Fighting
 + Level 23.7 Maces & Flails
 + Level 17.8 Dodging
 + Level 16.3 Stealth
 + Level 2.6 Evocations


You had 13 spell levels left.
You didn't know any spells.
Your spell library was empty.

Dungeon Overview and Level Annotations

Branches:
Dungeon (1/1)

Altars:
Cheibriados
Dithmenos
Elyvilon
Fedhas
Gozag
Hepliaklqana
Kikubaaqudgha
Makhleb
Nemelex Xobeh
Okawaru
Qazlal
Ru
Sif Muna
Trog
Uskayaw
Vehumet
Wu Jian
Xom
Yredelemnul
Zin
The Shining One
Beogh
Jiyva
Lugonu

Shops:
D [(:[

Annotations:
D Boris, Jory, Mara


Innate Abilities, Weirdness & Mutations

You can breathe blasts of noxious fumes.
Your lurid green scales are hard. (AC +8)
You cannot fit into any form of body armour.
Your tail ends in a venomous barb.
Your system is resistant to poisons. (rPois)
You are cold-blooded and may be slowed by cold attacks.


Message History

Mara blinks!
You barely miss Mara.
Mara is almost dead.
You barely miss Mara. You tail-slap Mara, but do no damage.
Mara is almost dead.
Mara hits you with a +2 demon trident of electrocution!!
* * * LOW HITPOINT WARNING * * *
Mhtbhm's illusion completely misses you.
Mara blinks!
Unknown command.
Aiming: Breathe Noxious Fumes (1% risk of failure)
Press: ? - help, Shift-Dir - straight line, f - Mara
Aim: Mara, wielding a +2 demon trident of electrocution and wearing a +0 robe (almost dead)
Okay, then.
A red film seems to cover your vision as you go berserk!
You feel yourself moving faster!
You feel mighty!
Jory shouts!
Mara blinks!
Boris mumbles some strange words.
Boris flickers and vanishes!
Deactivating autopickup; reactivate with Ctrl-A.
Mhtbhm's illusion hits you!
* * * LOW HITPOINT WARNING * * *
x2 You feel a strong urge to attack something.
Jory casts a spell.
Mara blinks!
You bludgeon Jory!!
Jory is lightly damaged.
Jory hits you with a +0 battleaxe of venom!
* * * LOW HITPOINT WARNING * * *
Jory bites you!
* * * LOW HITPOINT WARNING * * *
Jory draws strength from your injuries!
You hammer Jory like a gong!!!
Jory is heavily damaged.
Unknown command.
You puncture Jory!
Jory is heavily damaged.
Jory hits you with a +0 battleaxe of venom!!
You die...

▓.▓.▓.▓'▓.▓[▓.▓.▓.
▓R▓.▓.▓.▓.▓[▓.▓.▓.
▓.▓.▓(▓.▓.▓.▓.▓)▓.
▓.▓.▓.▓.▓)▓)▓.▓)▓.
▓.▓.▓)▓.▓.▓.▓.▓)▓.
▓.▓(▓.▓.▓.▓)▓.▓)▓.
▓.▓[▓.▓.▓)▓)▓.▓)▓.
▓@▓)▓.▓)▓)▓)▓.▓)▓.
▓@▓)▓.▓)▓.▓)▓.▓.▓.
▓V▓[▓.▓)▓.▓)▓.▓)▓.
▓{▓.▓.▓)▓.▓)▓.▓.▓.
▓.▓.▓.▓)▓.▓.▓.▓)▓.
▓.▓.▓.▓)▓.▓.▓.▓)▓.
▓.▓.▓.▓.▓.▓.▓.▓.▓.
▓.▓.▓.▓.▓.▓.▓.▓.▓.
▓R▓.▓.▓.▓.▓.▓.▓.▓.
▓.▓.▓.▓.▓'▓.▓.▓.


You could see Jory, 2 Maras and mhtbhm's illusion.

Vanquished Creatures
  A tentacled monstrosity (D)
  Agnes (D)
  A tengu reaver (D)
  2 fire giants (D)
  A vault warden (D)
  An orc warlord (D)
  2 very ugly things (D)
  3 ironbound preservers (D)
  2 vampire knights (D)
  An ironbound thunderhulk (D)
  3 stone giants (D)
  An entropy weaver (D)
  2 spark wasps (D)
  Snorg (D)
  A fire dragon (D)
  3 ettins (D)
  2 great orbs of eyes (D)
  A yaktaur captain (D)
  Harold (D)
  A merfolk impaler (D)
  2 ice dragons (D)
  2 boulder beetles (D)
  A peacekeeper (D)
  A hydra (D)
  A merfolk aquamancer (D)
  A catoblepas (D)
  2 spriggan air magi (D)
  A centaur warrior (D)
  2 tengu warriors (D)
  4 orc high priests (D)
  2 deep troll earth magi (D)
  6 death yaks (D)
  A spriggan berserker (D)
  2 naga sharpshooters (D)
  2 goliath frogs (D)
  A spriggan druid (D)
  A glowing orange brain (D)
  A naga ritualist (D)
  An orb spider (D)
  A bog body (D)
  A lindwurm (D)
  2 ironbound convokers (D)
  2 wizards (D)
  2 wolf spiders (D)
  2 orc knights (D)
  A will-o-the-wisp (D)
  An ugly thing (D)
  A cyclops (D)
  2 vault sentinels (D)
  A manticore (D)
  3 black mambas (D)
  A guardian serpent (D)
  2 naga magi (D)
  Maurice (D)
  2 cane toads (D)
  3 demonic crawlers (D)
  2 yaktaurs (D)
  A tengu conjurer (D)
  3 komodo dragons (D)
  2 trolls (D)
  2 merfolk (D)
  A wind drake (D)
  2 slime creatures (D)
  A blink frog (D)
  2 tyrant leeches (D)
  3 snapping turtles (D)
  A culicivora (D)
  5 yaks (D)
  2 basilisks (D)
  A hog (shapeshifter) (D)
  A redback (D)
  A vampire mosquito (D)
  A steam dragon (D)
  5 water moccasins (D)
  13 orc warriors (D)
  A necrophage (D)
  A boggart (D)
  A centaur (D)
  An ogre (D)
  A bullfrog (D)
  A killer bee (D)
  A hound (D)
  15 orc priests (D)
  2 orc wizards (D)
  4 orcs (D)
  2 goblins (D)
  2 hobgoblins (D)
  A quokka (D)
  A ball python zombie (D)
  A rat (D)
177 creatures vanquished.

Vanquished Creatures (collateral kills)
  A salamander mystic (D)
  A snapping turtle (D)
2 creatures vanquished.

Vanquished Creatures (others)
  A bloated husk (D)
1 creature vanquished.

Grand Total: 180 creatures vanquished

Notes
Turn   | Place    | Note
-------+----------+-------------------------------------------
     0 | D        | mhtbhm the Draconian Berserker began the quest for the Orb.
     0 | D        | Reached XP level 1. HP: 19/19 MP: 1/1
    11 | D        | Reached ** piety under Trog
    67 | D        | Noticed a necrophage
    67 | D        | Noticed a hound
    67 | D        | Noticed an ogre
    73 | D        | Reached skill level 4 in Fighting
    73 | D        | Reached *** piety under Trog
    74 | D        | Killed an ogre
    75 | D        | Reached skill level 6 in Fighting
    75 | D        | Reached XP level 2. HP: 30/30 MP: 2/2
    75 | D        | Reached XP level 3. HP: 37/37 MP: 3/3
    75 | D        | Reached XP level 4. HP: 44/44 MP: 4/4
    77 | D        | Reached skill level 5 in Dodging
    79 | D        | Killed a necrophage
    80 | D        | Reached skill level 7 in Fighting
    80 | D        | Reached XP level 5. HP: 53/53 MP: 5/5
   108 | D        | Found a snail-covered altar of Cheibriados.
   108 | D        | Found a shadowy altar of Dithmenos.
   108 | D        | Found a white marble altar of Elyvilon.
   108 | D        | Found a blossoming altar of Fedhas.
   108 | D        | Found an opulent altar of Gozag.
   109 | D        | Found a hazy altar of Hepliaklqana.
   110 | D        | Found a viscous altar of Jiyva.
   111 | D        | Found an ancient bone altar of Kikubaaqudgha.
   112 | D        | Found a corrupted altar of Lugonu.
   113 | D        | Found a burning altar of Makhleb.
   114 | D        | Found a sparkling altar of Nemelex Xobeh.
   115 | D        | Found an iron altar of Okawaru.
   116 | D        | Found a stormy altar of Qazlal.
   117 | D        | Found a sacrificial altar of Ru.
   118 | D        | Found a shimmering blue altar of Sif Muna.
   119 | D        | Found a bloodstained altar of Trog.
   120 | D        | Found a hide-covered altar of Uskayaw.
   121 | D        | Found a radiant altar of Vehumet.
   122 | D        | Found an ornate altar of the Wu Jian Council.
   123 | D        | Found a shimmering altar of Xom.
   124 | D        | Found a basalt altar of Yredelemnul.
   125 | D        | Found a glowing silver altar of Zin.
   126 | D        | Found a glowing golden altar of the Shining One.
   167 | D        | Noticed a centaur
   167 | D        | Noticed a steam dragon
   167 | D        | Noticed an orc warrior
   167 | D        | Noticed a yak
   167 | D        | Noticed a troll
   171 | D        | Killed a troll
   171 | D        | Reached **** piety under Trog
   172 | D        | Reached skill level 9 in Fighting
   172 | D        | Reached XP level 6. HP: 63/63 MP: 6/6
   176 | D        | Killed a yak
   177 | D        | Reached skill level 10 in Maces & Flails
   177 | D        | Your scales start taking on a lurid green colour.
   177 | D        | Reached XP level 7. HP: 71/71 MP: 7/7
   177 | D        | Gained mutation: Your system is resistant to poisons.
                  | (rPois) [Green Draconian growth]
   184 | D        | Reached skill level 10 in Fighting
   187 | D        | Killed a steam dragon
   315 | D        | Noticed a centaur warrior
   315 | D        | Noticed a troll
   315 | D        | Noticed a boulder beetle
   315 | D        | Noticed a tengu warrior
   315 | D        | Noticed a komodo dragon
   315 | D        | Noticed a manticore
   318 | D        | Killed a komodo dragon
   318 | D        | Reached ***** piety under Trog
   319 | D        | Reached skill level 11 in Fighting
   319 | D        | Reached XP level 8. HP: 82/82 MP: 8/8
   320 | D        | Killed a manticore
   323 | D        | Killed a tengu warrior
   324 | D        | Reached skill level 12 in Fighting
   324 | D        | Reached skill level 10 in Dodging
   324 | D        | Reached XP level 9. HP: 68/92 MP: 9/9
   325 | D        | Killed a centaur warrior
   325 | D        | Received a gift from Trog
   326 | D        | Reached skill level 13 in Fighting
   326 | D        | Reached skill level 1 in Stealth
   333 | D        | Killed a boulder beetle
   334 | D        | Killed a troll
   335 | D        | Reached skill level 15 in Maces & Flails
   554 | D        | Noticed a six-headed hydra
   557 | D        | Noticed a komodo dragon
   558 | D        | Reached skill level 14 in Fighting
   559 | D        | Noticed a komodo dragon
   559 | D        | Noticed a death yak
   566 | D        | Killed a six-headed hydra
   567 | D        | Reached XP level 10. HP: 104/104 MP: 10/10
   567 | D        | Received a gift from Trog
   575 | D        | Killed a death yak
   576 | D        | Reached skill level 15 in Fighting
   715 | D        | Noticed a cane toad
   715 | D        | Noticed a cane toad
   722 | D        | Killed a cane toad
   723 | D        | Noticed a black mamba
   726 | D        | Received a gift from Trog
   736 | D        | Killed a cane toad
   739 | D        | Killed a black mamba
   744 | D        | Reached skill level 16 in Fighting
   899 | D        | Noticed a death yak
   899 | D        | Noticed a death yak
   899 | D        | Noticed a death yak
   899 | D        | Noticed a death yak
   899 | D        | Noticed a catoblepas
   904 | D        | Noticed a death yak
   905 | D        | Killed a catoblepas
   906 | D        | Reached XP level 11. HP: 114/114 MP: 3/11
   908 | D        | Killed a death yak
   908 | D        | Reached ****** piety under Trog
   908 | D        | Received a gift from Trog
   911 | D        | Killed a death yak
   912 | D        | Reached skill level 5 in Stealth
   947 | D        | Killed a death yak
   951 | D        | Killed a death yak
   952 | D        | Reached skill level 17 in Fighting
   959 | D        | Killed a death yak
  1165 | D        | Noticed Harold
  1178 | D        | Killed Harold
  1178 | D        | Received a gift from Trog
  1249 | D        | Received a gift from Trog
  1374 | D        | Noticed an orc knight
  1386 | D        | Killed an orc knight
  1386 | D        | Received a gift from Trog
  1387 | D        | Reached skill level 18 in Fighting
  1407 | D        | Received a gift from Trog
  1546 | D        | Found Jeujuq's Antique Armour Boutique.
  1546 | D        | Noticed an orc high priest
  1547 | D        | Noticed an orc high priest
  1550 | D        | Noticed an orc high priest
  1556 | D        | Found Pisog's Book Shop.
  1559 | D        | Killed an orc high priest
  1561 | D        | Killed an orc high priest
  1562 | D        | Found Urri Wadgh's Weapon Boutique.
  1570 | D        | Killed an orc high priest
  1570 | D        | Received a gift from Trog
  1713 | D        | Found Ilulooh's Antique Armour Shop.
  1717 | D        | Noticed an orc high priest
  1726 | D        | Reached XP level 12. HP: 105/129 MP: 4/12
  1735 | D        | Killed an orc high priest
  1736 | D        | Reached skill level 19 in Fighting
  1765 | D        | Bought 11 bolts for 24 gold pieces
  1765 | D        | Bought 22 bolts for 48 gold pieces
  1765 | D        | Bought the +9 heavy crossbow "Sniper" {vorpal, Acc+∞ SInv}
                  | for 783 gold pieces
  1765 | D        | Found the +9 heavy crossbow "Sniper" {vorpal, Acc+∞ SInv}
  2037 | D        | Noticed a boulder beetle
  2051 | D        | Noticed a spark wasp
  2054 | D        | Noticed an ettin
  2059 | D        | Killed a boulder beetle
  2064 | D        | Received a gift from Trog
  2065 | D        | Reached skill level 10 in Stealth
  2069 | D        | Noticed a deep troll earth mage
  2072 | D        | Noticed a vampire knight
  2080 | D        | Killed a spark wasp
  2094 | D        | Killed an ettin
  2095 | D        | Reached skill level 20 in Fighting
  2103 | D        | Killed a deep troll earth mage
  2103 | D        | Received a gift from Trog
  2104 | D        | Reached skill level 1 in Evocations
  2404 | D        | Paralysed by a vampire knight for 4 turns
  2418 | D        | Killed a vampire knight
  2642 | D        | Noticed a stone giant
  2652 | D        | Killed a stone giant
  2804 | D        | Noticed Maurice
  2813 | D        | Killed Maurice
  2871 | D        | Noticed a merfolk impaler
  2874 | D        | Received a gift from Trog
  2875 | D        | Noticed a merfolk aquamancer
  2884 | D        | Killed a merfolk impaler
  2904 | D        | Killed a merfolk aquamancer
  2904 | D        | Received a gift from Trog
  2905 | D        | Reached skill level 21 in Fighting
  3289 | D        | Reached XP level 13. HP: 143/143 MP: 4/13
  3302 | D        | HP: 4/143 [salamander mystic/bolt of magma (34)]
  3873 | D        | Received a gift from Trog
  4044 | D        | Reached skill level 15 in Dodging
  4065 | D        | Noticed a spark wasp
  4077 | D        | Received a gift from Trog
  4081 | D        | Killed a spark wasp
  4086 | D        | Reached skill level 22 in Fighting
  4250 | D        | Received a gift from Trog
  4250 | D        | Found the +7 great mace "Undeadhunter" {disrupt, rN+}
  4421 | D        | Noticed Snorg
  4432 | D        | Killed Snorg
  4487 | D        | Noticed a stone giant
  4487 | D        | Noticed a red very ugly thing
  4487 | D        | Noticed an ettin
  4487 | D        | Noticed an ettin
  4487 | D        | Noticed a fire giant
  4491 | D        | Killed a fire giant
  4491 | D        | Received a gift from Trog
  4492 | D        | Noticed a tengu reaver
  4492 | D        | Killed an ettin
  4493 | D        | Killed an ettin
  4494 | D        | Noticed a stone giant
  4496 | D        | Noticed a tentacled monstrosity
  4502 | D        | Killed a red very ugly thing
  4503 | D        | Reached skill level 23 in Fighting
  4505 | D        | Noticed a vampire knight
  4510 | D        | Killed a stone giant
  4759 | D        | Killed a tengu reaver
  4759 | D        | Received a gift from Trog
  5077 | D        | Killed a stone giant
  5274 | D        | Killed a vampire knight
  5304 | D        | Noticed a fire giant
  5571 | D        | Reached skill level 15 in Stealth
  5578 | D        | Killed a fire giant
  5578 | D        | Received a gift from Trog
  5848 | D        | Reached skill level 24 in Fighting
  5848 | D        | Gained mutation: Your tail ends in a venomous barb. [Green
                  | Draconian growth]
  5848 | D        | Reached XP level 14. HP: 132/159 MP: 4/14
  5920 | D        | Killed a tentacled monstrosity
  5920 | D        | Received a gift from Trog
  6147 | D        | Noticed an ironbound preserver
  6160 | D        | Noticed an ironbound thunderhulk
  6161 | D        | Received a gift from Trog
  6165 | D        | Killed an ironbound preserver
  6168 | D        | Noticed a brown very ugly thing
  6173 | D        | Killed an ironbound thunderhulk
  6174 | D        | Reached skill level 25 in Fighting
  6189 | D        | Killed a brown very ugly thing
  6192 | D        | Received a gift from Trog
  6210 | D        | Noticed a vault warden
  6463 | D        | Noticed an orc warlord
  6465 | D        | Noticed an ironbound preserver
  6471 | D        | Noticed an ironbound preserver
  6475 | D        | Killed a vault warden
  6475 | D        | Received a gift from Trog
  6482 | D        | Killed an ironbound preserver
  6484 | D        | Killed an orc warlord
  6489 | D        | Received a gift from Trog
  6499 | D        | Killed an ironbound preserver
  6500 | D        | Reached skill level 26 in Fighting
  6701 | D        | Noticed Agnes
  6716 | D        | Killed Agnes
  6795 | D        | Noticed Mara
  6809 | D        | Noticed mhtbhm's illusion
  6814 | D        | Noticed Jory
  6814 | D        | Noticed Boris
  6822 | D        | HP: 6/247 [Jory (10)]
  6824 | D        | Demolished by Jory

Illustrated notes

Levels and vault maps discovered:
D:        linesprint [early_d, line_temple, items_1, d_10, items_2, lair_1,
          lair_end, items_3, orc_1, orc_end, items_4, d_15, swamp_1, shoals_1,
          snake_1, spider_1, d_20, vaults_1, items_5, swamp_end, shoals_end,
          snake_end, spider_end, vaults_end, d_27, items_6, zot_1, zot_end,
          crypt_end, forest_end, elf_end, slime_end, tomb_end, abyss_end,
          pan_hell_end]

Skill      XL: |  1  2  3  4  5  6  7  8  9 10 11 12 13 14 |
---------------+-------------------------------------------+-----
Dodging        | 4 6 7 8 9 10 11 12 13 14 16 17 | 17.8
Fighting       | 6 7 9 11 12 14 16 18 21 24 26 | 26.1
Maces & Flails | 6 7 9 10 12 13 15 17 19 20 22 23 | 23.7
Stealth        | 2 4 9 12 15 16 | 16.3
Evocations     | 2 |  2.6

Action                   |  1- 3 |  4- 6 |  7- 9 | 10-12 | 13-15 || total
-------------------------+-------+-------+-------+-------+-------++-------
Melee: Mace              |    22 |     3 |       |       |       ||    25
       Tailslap          |     1 |     2 |     6 |    47 |    57 ||   113
       Morningstar       |       |     8 |    47 |    13 |       ||    68
       Eveningstar       |       |       |       |    23 |       ||    23
       Dire flail        |       |       |       |   212 |   275 ||   487
Invok: Berserk           |     1 |     1 |     2 |     4 |     9 ||    17
       Brothers in Arms  |       |       |       |     1 |     3 ||     4
 Abil: Breathe Noxious F |       |       |     2 |    12 |     7 ||    21
Evoke: Wand              |       |       |       |     3 |       ||     3
  Use: Potion            |       |       |       |     1 |     2 ||     3
       Scroll            |       |       |       |       |     3 ||     3
 Stab: Confused          |       |       |     1 |    15 |     7 ||    23
       Sleeping          |       |       |       |     2 |     3 ||     5
       Distracted        |       |       |       |       |     1 ||     1
Armor: Skin              |     5 |     3 |     9 |    39 |    44 ||   100
Dodge: Dodged            |     9 |     6 |    42 |    94 |   112 ||   263

Table legend: (Time is in decaauts)
 A = Elapsed time spent in this place.
 B = Non-inter-level travel time spent in this place.
 C = Inter-level travel time spent in this place.
 D = Time resting spent in this place.
 E = Time spent auto-exploring this place.
 F = Levels seen in this place.
 G = Mean time per level.
                   A        B        C        D        E       F      G
               +--------+--------+--------+--------+--------+-----+--------+
         Total |   6713 |   6713 |      0 |   4247 |    717 |   1 | 6713.0 |
       Dungeon |   6713 |   6713 |      0 |   4247 |    717 |   1 | 6713.0 |
               +--------+--------+--------+--------+--------+-----+--------+

Top non-repeatable levels by time:
       D: 6713 daAuts
